 Dungeon Crawl Stone Soup version 0.23-a0-29-g1be82e5 (webtiles) character file.

65994 SeniorJSONDeveloper the Ogre Mage (level 15, -7/149 HPs)
             Began as an Ogre Fire Elementalist on Aug 3, 2018.
             Was a High Priest of Vehumet.
             Mangled by a troll (11 damage)
             ... on level 2 of the Orcish Mines.
             The game lasted 01:18:41 (34047 turns).

SeniorJSONDeveloper the Ogre Mage (OgFE)           Turns: 34047, Time: 01:18:42

Health: -7/149     AC:  5    Str: 16    XL:     15   Next: 18%
Magic:  19/40      EV: 14    Int: 21    God:    Vehumet [*****.]
Gold:   1243       SH: 10    Dex:  9    Spells: 14/39 levels left

rFire    . . .     SeeInvis +   G - +1 dagger (venom)
rCold    . . .     Gourm    .   z - +0 shield
rNeg     . . .     Faith    .   a - +1 robe
rPois    .         Spirit   .   U - +0 hat {SInv}
rElec    .         Reflect  .   N - +0 cloak
rCorr    .         Harm     .   (gloves unavailable)
MR       +....                  (boots unavailable)
Stlth    +++.......             p - amulet of magic regeneration
HPRegen  0.34/turn              y - ring of wizardry
MPRegen  0.52/turn              L - ring of magical power

@: slowed, very slow
A: large, unfitting armour, tough skin 1
a: Renounce Religion


You were on level 2 of the Orcish Mines.
You worshipped Vehumet.
Vehumet was extremely pleased with you.
You were hungry.

You visited 4 branches of the dungeon, and saw 22 of its levels.

You collected 1243 gold pieces.

Inventory:

Hand Weapons
 n - a +0 morningstar
 G - a +1 dagger of venom (weapon)
 J - a +7 giant spiked club
Armour
 a - a +1 robe (worn)
 z - a +0 shield (worn)
 N - a +0 cloak (worn)
 O - a +2 hat
 U - a +0 hat of see invisible (worn)
Magical Staves
 E - an uncursed staff of conjuration
Jewellery
 b - an uncursed amulet of the gourmand
 g - an uncursed ring of resist corrosion
 h - an uncursed ring of wizardry
 k - an uncursed ring of stealth
 p - an amulet of magic regeneration (around neck)
 r - an uncursed ring of teleportation
 y - a ring of wizardry (left hand)
 A - a +4 amulet of reflection
 L - a ring of magical power (right hand)
Wands
 u - a wand of flame (52)
 w - a wand of clouds (7)
 x - a wand of random effects (70)
 F - a wand of paralysis (9)
 I - a wand of disintegration (4)
 P - a wand of acid (8)
 S - a wand of iceblast (21)
 X - a wand of enslavement (14)
Scrolls
 q - 4 scrolls of immolation
 s - 7 scrolls of enchant armour
 v - a scroll of fog
 H - 2 scrolls of amnesia
 K - 7 scrolls of remove curse
 Q - 2 scrolls of identify
 T - 4 scrolls of teleportation
 Y - a scroll of blinking
 Z - a scroll of summoning
Potions
 d - 9 potions of curing
 e - 2 potions of agility
 i - 7 potions of flight
 j - 10 potions of lignification
 l - 2 potions of berserk rage
 m - 2 potions of resistance
 o - 2 potions of invisibility
 B - a potion of brilliance
 C - a potion of cancellation
 D - 5 potions of haste
 M - 3 potions of might
 R - a potion of ambrosia
 W - a potion of heal wounds
Comestibles
 c - 23 rations
 f - 5 chunks of flesh


   Skills:
 - Level 10.0 Fighting
 - Level 5.0 Maces & Flails
 - Level 10.0 Dodging
 - Level 5.2 Stealth
 - Level 9.0 Shields
 + Level 12.5 Spellcasting
 - Level 10.0 Conjurations
 - Level 10.0 Fire Magic
 + Level 5.2 Air Magic


You had 14 spell levels left.
You knew the following spells:

 Your Spells              Type           Power        Failure   Level  Hunger
a - Flame Tongue          Conj/Fire      #####        1%          1    None
b - Sticky Flame          Conj/Fire      ######..     1%          4    None
c - Fireball              Conj/Fire      ######....   1%          5    ####...
d - Mephitic Cloud        Conj/Pois/Air  ####....     1%          3    None
e - Ignite Poison         Fire/Tmut/Pois ####....     1%          3    None
f - Iskenderun's Mystic   Conj           ######..     1%          4    None
g - Bolt of Magma         Conj/Fire/Erth #####.....   1%          5    ####...

Your spell library contained the following spells:

 Spells                   Type           Power        Failure   Level  Hunger
 Magic Dart               Conj           ####         1%          1    None
 Conjure Flame            Conj/Fire      ######..     1%          3    None
 Slow                     Hex            ##......     3%          2    None
 Confuse                  Hex            ##......     6%          3    None
 Throw Flame              Conj/Fire      ######       1%          2    None
 Summon Small Mammal      Summ           ##..         1%          1    None
 Blink                    Tloc           N/A          3%          2    None
 Summon Ice Beast         Ice/Summ       ##......     21%         4    None
 Call Imp                 Summ           ##......     3%          2    None
 Sublimation of Blood     Necr           ##........   3%          2    None
 Spider Form              Tmut/Pois      ##........   6%          3    None
 Blade Hands              Tmut           ##........   45%         5    ####...
 Ice Form                 Ice/Tmut       ##......     21%         4    None
 Deflect Missiles         Chrm/Air       ###.......   67%         6    #####..
 Confusing Touch          Hex            ##....       1%          1    None
 Sticks to Snakes         Tmut           ##......     3%          2    None
 Call Canine Familiar     Summ           ##......     6%          3    None
 Metabolic Englaciation   Hex/Ice        ##........   45%         5    ####...
 Silence                  Hex/Air        ###.......   19%         5    ####...
 Alistair's Intoxication  Tmut/Pois      ##......     45%         5    ####...
 Conjure Ball Lightning   Conj/Air       #####.....   4%          6    #####..
 Petrify                  Tmut/Erth      ##......     21%         4    None
 Tornado                  Air            #####.....   100%        9    #######
 Inner Flame              Hex/Fire       ####....     1%          3    None
 Beastly Appendage        Tmut           ##....       1%          1    None
 Summon Lightning Spire   Summ/Air       ###.....     7%          4    None
 Summon Guardian Golem    Hex/Summ       ##......     6%          3    None
 Irradiate                Conj/Tmut      ####......   2%          5    ####...
 Gell's Gravitas          Tloc           ##........   6%          3    None
 Yara's Violent Unravell  Hex/Tmut       ##........   14%         5    ####...


Dungeon Overview and Level Annotations

Branches:
Dungeon (13/15)            Temple (1/1) D:7            Lair (6/6) D:8
  Swamp (0/4) Lair:2       Spider (0/4) Lair:3        Slime (0/5) Lair:5
    Orc (2/2) D:12
    Elf: Orc:2       Vaults: D:13-14

Altars:
Ashenzari
Cheibriados
Dithmenos
Elyvilon
Fedhas
Gozag
Hepliaklqana
Kikubaaqudgha
Makhleb
Nemelex Xobeh
Okawaru
Qazlal
Ru
Sif Muna
Trog
Uskayaw
Vehumet
Wu Jian
Xom
Yredelemnul
Zin
The Shining One
Beogh

Shops:
D:7 %   Orc:2 ([

Annotations:
D:3 Grinder
D:13 Urug
Lair:5 exclusion: 3 oklob plants
Lair:6 exclusion: oklob plant


Innate Abilities, Weirdness & Mutations

You are too large for most types of armour.
You have tough skin. (AC +1)


Message History

The ogre mage points at you and mumbles some strange words.
You easily resist.
The ogre mage casts a spell at you.
You feel yourself slow down.
Items here: ( )))) 3 silver tomahawks; a hand axe of flaming; a giant spiked club; a giant club x2
There is a stone staircase leading up, spattered with blood here.
You see here a large rock.
The troll bites you!
* * * LOW HITPOINT WARNING * * *
The troll claws you!
* * * LOW HITPOINT WARNING * * *
The troll claws you.
* * * LOW HITPOINT WARNING * * *
The ettin barely misses you. The ettin hits you with a dire flail!
* * * LOW HITPOINT WARNING * * *
The troll bites you.
* * * LOW HITPOINT WARNING * * *
The troll claws you!
You die...

...........#......... ..
...#.................
......................#..#
......#...................
.....##.........TO.........
.............).TT..........
.....#..#.....).T...........
.............O.CT...........
.....#.........[@..........##.
..........).......)............
.................)(......$......
.................)#(............
...............................
..................)............
........#....[[.)...........###.
.....).......)..................
......#.#.....[.(.........$.....


You could see an ettin, an ogre mage, 5 trolls and an ogre.

Vanquished Creatures
  An ogre mage (Orc:2)
  Fannar (Orc:1)
  3 hydras
  Erolcha (D:13)
  3 catoblepae (Lair:6)
  5 centaur warriors (D:13)
  10 two-headed ogres
  14 death yaks
  An orc high priest (Orc:1)
  4 skeletal warriors
  2 deep trolls (Orc:2)
  2 orc knights
  A deep elf mage (D:12)
  4 ugly things
  3 cyclopes
  3 manticores
  4 elephants (Lair:5)
  3 black mambas
  7 spiny frogs
  8 komodo dragons
  A rime drake (Lair:5)
  6 trolls
  2 hornets
  7 blink frogs
  6 slime creatures (D:13)
  5 hippogriffs
  A tarantella (Lair:3)
  A wraith (D:13)
  Sigmund (D:5)
  6 wyverns
  32 yaks
  4 basilisks
  A hungry ghost (D:7)
  2 wargs (Orc:1)
  An acid dragon (D:13)
  9 water moccasins
  14 porcupines
  2 sky beasts
  19 orc warriors
  9 black bears
  A hornet zombie (D:5)
  6 ice beasts
  An eye of draining (D:10)
  3 phantoms
  8 centaurs
  23 ogres
  3 wolves (Lair:4)
  A big kobold (D:10)
  11 crocodiles
  16 bullfrogs
  A wyvern skeleton (D:7)
  A scorpion (D:12)
  22 killer bees
  4 howler monkeys
  5 bullfrog zombies
  3 crimson imps
  A quasit (D:9)
  4 hounds
  4 centaur zombies
  14 orc priests
  3 centaur skeletons
  6 jellies
  14 orc wizards
  A bullfrog skeleton (D:5)
  Terence (D:2)
  5 iguanas
  8 worker ants
  5 hell rats (Lair:2)
  A hound zombie (D:10)
  A hound skeleton (D:4)
  A worker ant zombie (D:4)
  11 gnolls
  9 adders
  4 shadow imps
  5 oozes (D:8)
  An adder zombie (D:6)
  An adder skeleton (D:5)
  2 worms
  A dart slug (D:1)
  6 leopard geckos
  91 orcs
  10 bats
  4 giant cockroaches
  9 goblins
  3 hobgoblins
  16 jackals
  5 quokkas
  5 frilled lizards
  10 kobolds
  3 quokka skeletons
  4 rats
  A fungus (Lair:6)
588 creatures vanquished.

Vanquished Creatures (others)
  A bush (Lair:5)
  25 fungi
  19 plants
45 creatures vanquished.

Grand Total: 633 creatures vanquished

Notes
Turn   | Place    | Note
-------+----------+-------------------------------------------
     0 | D:1      | SeniorJSONDeveloper the Ogre Fire Elementalist began the quest for the Orb.
     0 | D:1      | Reached XP level 1. HP: 16/16 MP: 3/3
    17 | D:1      | Reached skill level 1 in Conjurations
   101 | D:1      | Reached XP level 2. HP: 21/26 MP: 2/5
   441 | D:1      | Reached skill level 1 in Fighting
   447 | D:1      | HP: 1/27 [hobgoblin (4)]
   664 | D:1      | Reached XP level 3. HP: 23/33 MP: 4/7
  1009 | D:2      | Reached skill level 3 in Spellcasting
  1013 | D:2      | Reached XP level 4. HP: 34/41 MP: 0/8
  1161 | D:2      | Learned a level 4 spell: Sticky Flame
  1256 | D:2      | Noticed Terence
  1276 | D:1      | Reached skill level 1 in Maces & Flails
  1452 | D:2      | Found a glowing silver altar of Zin.
  1519 | D:2      | Reached XP level 5. HP: 49/49 MP: 0/9
  1909 | D:2      | Found an ancient bone altar of Kikubaaqudgha.
  2161 | D:1      | Learned a level 5 spell: Fireball
  2441 | D:2      | Killed Terence
  2441 | D:2      | Reached XP level 6. HP: 50/59 MP: 2/11
  2786 | D:3      | Noticed Grinder
  3040 | D:3      | Found a basalt altar of Yredelemnul.
  4097 | D:4      | Found a shimmering altar of Xom.
  4119 | D:4      | Reached XP level 7. HP: 67/67 MP: 8/12
  4185 | D:4      | Reached skill level 4 in Spellcasting
  4430 | D:5      | Entered Level 5 of the Dungeon
  4820 | D:5      | HP: 3/68 [hornet zombie (6)]
  4823 | D:5      | Reached XP level 8. HP: 4/78 MP: 9/14
  5189 | D:5      | Noticed Sigmund
  5283 | D:5      | Killed Sigmund
  5375 | D:5      | Found an ornate altar of the Wu Jian Council.
  6119 | D:6      | Found a burning altar of Makhleb.
  6360 | D:7      | Found a hazy altar of Hepliaklqana.
  6382 | D:6      | Reached skill level 5 in Spellcasting
  6542 | D:7      | Reached skill level 5 in Fighting
  6616 | D:7      | Found Rakoir's Food Boutique.
  6708 | D:7      | Reached XP level 9. HP: 74/88 MP: 11/17
  7373 | D:7      | Reached skill level 5 in Fire Magic
  7645 | D:7      | Found a staircase to the Ecumenical Temple.
  7654 | Temple   | Entered the Ecumenical Temple
  7752 | Temple   | Became a worshipper of Vehumet
  7993 | D:7      | Reached skill level 6 in Spellcasting
  8502 | D:8      | Noticed a two-headed ogre
  8517 | D:7      | Killed a two-headed ogre
  8517 | D:7      | Reached skill level 5 in Maces & Flails
  8517 | D:7      | Reached skill level 5 in Dodging
  8517 | D:7      | Reached skill level 5 in Conjurations
  8517 | D:7      | Reached XP level 10. HP: 55/96 MP: 14/19
  8683 | D:8      | Reached skill level 5 in Stealth
  9050 | D:8      | Found a staircase to the Lair.
  9137 | D:8      | Reached * piety under Vehumet
  9137 | D:8      | Offered knowledge of Shock by Vehumet.
 10671 | D:9      | Offered knowledge of Freeze by Vehumet.
 10767 | D:9      | Reached ** piety under Vehumet
 10767 | D:9      | Reached skill level 7 in Spellcasting
 11512 | Lair:1   | Entered Level 1 of the Lair of Beasts
 11522 | Lair:1   | Reached XP level 11. HP: 90/109 MP: 14/22
 11689 | Lair:1   | You fall through a shaft!
 13141 | Lair:1   | Reached skill level 8 in Spellcasting
 13520 | Lair:1   | Noticed a six-headed hydra
 13561 | Lair:1   | Killed a six-headed hydra
 14098 | Lair:2   | Found a staircase to the Swamp.
 15496 | Lair:2   | Noticed an eight-headed hydra
 15503 | Lair:2   | Killed an eight-headed hydra
 15503 | Lair:2   | Reached XP level 12. HP: 90/123 MP: 19/24
 15643 | Lair:3   | Reached skill level 9 in Spellcasting
 15814 | Lair:3   | Offered knowledge of Searing Ray by Vehumet.
 15853 | Lair:3   | Found a hole to the Spider Nest.
 15890 | Lair:3   | Learned a level 3 spell: Mephitic Cloud
 16089 | Lair:3   | Noticed an eight-headed hydra
 17141 | Lair:3   | Killed an eight-headed hydra
 17379 | Lair:3   | Reached *** piety under Vehumet
 17742 | Lair:4   | Reached skill level 10 in Fighting
 17753 | Lair:4   | Learned a level 3 spell: Ignite Poison
 17945 | Lair:4   | Noticed a death yak
 17945 | Lair:4   | Noticed a death yak
 17945 | Lair:4   | Noticed a death yak
 17946 | Lair:4   | Noticed a death yak
 17946 | Lair:4   | Noticed a death yak
 17951 | Lair:4   | Noticed a death yak
 17965 | Lair:3   | Killed a death yak
 17970 | Lair:3   | HP: 6/126 [death yak (22)]
 17978 | Lair:3   | Killed a death yak
 18370 | Lair:3   | Killed a death yak
 18596 | Lair:3   | Killed a death yak
 18826 | Lair:3   | Killed a death yak
 19152 | Lair:4   | Reached skill level 10 in Spellcasting
 19157 | Lair:4   | Killed a death yak
 20434 | Lair:5   | Noticed a death yak
 20440 | Lair:5   | Reached XP level 13. HP: 124/133 MP: 24/27
 22057 | Lair:5   | Found a staircase to the Slime Pits.
 22339 | Lair:6   | Entered Level 6 of the Lair of Beasts
 23330 | Lair:6   | Found an opulent altar of Gozag.
 24370 | Lair:6   | Reached skill level 11 in Spellcasting
 25161 | Lair:6   | Offered knowledge of Iskenderun's Mystic Blast by Vehumet.
 25172 | Lair:6   | Reached skill level 10 in Dodging
 25887 | Lair:6   | Learned a level 4 spell: Iskenderun's Mystic Blast
 26086 | D:10     | Entered Level 10 of the Dungeon
 26094 | D:10     | Reached skill level 10 in Conjurations
 26149 | D:10     | Reached skill level 10 in Fire Magic
 26158 | D:10     | Reached **** piety under Vehumet
 26171 | D:10     | Reached skill level 1 in Shields
 26639 | D:10     | Offered knowledge of Bolt of Magma by Vehumet.
 26647 | D:10     | Learned a level 5 spell: Bolt of Magma
 26653 | D:10     | Reached XP level 14. HP: 63/143 MP: 18/29
 27043 | D:10     | Got a sparkling glass ring
 27045 | D:10     | Identified the ring of Faip {-Tele rPois rC+ Int+6 Slay-5} (You found it on level 10 of the Dungeon)
 27189 | D:11     | You fall through a shaft!
 27189 | D:12     | Found a staircase to the Orcish Mines.
 27642 | D:12     | Found a roughly hewn altar of Beogh.
 27679 | D:12     | Reached skill level 5 in Shields
 28639 | D:13     | Reached ***** piety under Vehumet
 29122 | D:13     | Offered knowledge of Iron Shot by Vehumet.
 29270 | D:13     | Noticed Erolcha
 29282 | D:13     | Killed Erolcha
 29841 | D:13     | HP: 7/143 [centaur warrior/halberd (6)]
 29842 | D:13     | Reached skill level 1 in Air Magic
 30393 | D:13     | Noticed Urug
 30918 | Orc:1    | Entered Level 1 of the Orcish Mines
 30921 | Orc:1    | Noticed Fannar
 31356 | Orc:1    | Killed Fannar
 31640 | Orc:2    | Entered Level 2 of the Orcish Mines
 33096 | Orc:1    | Reached XP level 15. HP: 78/149 MP: 27/30
 33156 | Orc:2    | Reached skill level 12 in Spellcasting
 33919 | Orc:2    | Reached skill level 5 in Air Magic
 34020 | Orc:2    | Found Saicsix's Antique Armour Boutique.
 34026 | Orc:2    | Found Paholo's Antique Weapon Emporium.
 34047 | Orc:2    | HP: 4/149 [troll (6)]
 34047 | Orc:2    | Mangled by a troll

Vault maps used:
D:1:      dpeg_arrival_tiny_a, grunt_decor_resistance, minmay_misc_feat_square
D:2:      lemuel_round_altar, lemuel_crystal_altar, uniq_terence
D:3:      old_standard_altar, uniq_grinder
D:4:      first_ration, brannock_xom_greatest_gift
D:5:      nicolae_overflow_hidden_temple, uniq_sigmund
D:6:      kennysheep_little_box
D:7:      nicolae_overflow_crystal_walls, minmay_temple_entry_statues_pillars,
          serial_shops, shop, glass_columns_a
D:8:      grunt_lair_entry_orc_guard_hut, hangedman_little_slice_of_home
D:10:     minivault_10
D:11:     serial_co_window_serial, co_window_paths_a, co_window_corner_a,
          co_window_of_opportunity_a, co_window_paths_b, co_window_paths_a,
          co_window_of_opportunity_b, co_window_broadway_b,
          co_window_unsneaky_path_e, co_window_corner_ca,
          co_window_unsneaky_path_b, glass_columns_c, glass_columns_c,
          glass_columns_a, glass_columns_a
D:12:     david_orc_2, david_defended_altar_orc
D:13:     uniq_erolcha, uniq_urug
Temple:   compressed_dpeg_circular_temple
Lair:2:   swamp_mist, beast_lair_carwin_2
Lair:3:   spider_nest_entry_rubble, st_stairs_13, beast_lair_carwin_1,
          grunt_megastairs_1
Lair:5:   minmay_slime_entry_oklob_enclosed, serial_bayou_shore_b
Lair:6:   evilmike_catoblepas_cave, lemuel_oklob_altar
Orc:1:    enter_volcano_4, uniq_fannar
Orc:2:    st_orc_open, serial_shops, shop_statue

Skill      XL: |  1  2  3  4  5  6  7  8  9 10 11 12 13 14 15 |
---------------+----------------------------------------------+-----
Conjurations   | 1 2 3 5 6 7 8 10 | 10.0
Fighting       | 1 2 3 4 5 7 9 10 | 10.0
Dodging        | 2 3 4 5 6 7 8 10 | 10.0
Spellcasting   | 3 4 5 6 7 8 10 11 12 | 12.5
Fire Magic     | 3 4 5 6 7 8 10 | 10.0
Maces & Flails | 1 2 3 5 |  5.0
Stealth        | 2 3 4 5 |  5.2
Shields        | 3 9 |  9.0
Air Magic      | 4 5 |  5.2

Action                   |  1- 3 |  4- 6 |  7- 9 | 10-12 | 13-15 || total
-------------------------+-------+-------+-------+-------+-------++-------
Melee: Whip              |    48 |    54 |   129 |       |       ||   231
       Morningstar       |       |       |    15 |    56 |       ||    71
       Dagger            |       |       |       |   203 |   444 ||   647
 Cast: Flame Tongue      |    37 |   115 |    71 |   202 |    90 ||   515
       Sticky Flame      |       |     8 |    43 |   126 |   130 ||   307
       Fireball          |       |       |       |     5 |    16 ||    21
       Mephitic Cloud    |       |       |       |     2 |    21 ||    23
       Ignite Poison     |       |       |       |     2 |     7 ||     9
       Bolt of Magma     |       |       |       |       |   164 ||   164
       Iskenderun's Myst |       |       |       |       |    27 ||    27
Evoke: Wand              |       |       |       |    12 |     3 ||    15
  Use: Scroll            |       |     3 |     4 |    14 |    13 ||    34
       Potion            |       |       |     1 |     3 |     2 ||     6
 Stab: Sleeping          |     2 |     3 |     7 |     6 |     5 ||    23
       Confused          |       |       |       |       |     4 ||     4
  Eat: Chunk             |    13 |     7 |    14 |    35 |    48 ||   117
       Ration            |       |       |     2 |     4 |     9 ||    15
Armor: Robe              |    33 |    18 |    34 |    59 |    99 ||   243
       Skin              |       |       |       |     4 |     8 ||    12
Dodge: Dodged            |    44 |    53 |   122 |   278 |   354 ||   851
Block: Shield            |       |       |       |       |   253 ||   253

Table legend:
 A = Spawn XP
 B = Non-spawn XP
 C = Spawn XP percentage of total XP
 D = Spawn monster count
 E = Non-spawn monster count
 F = Spawn count percentage of total count
 G = Total turns spent on level
                    A         B        C        D         E        F      G
               +---------+---------+-------+---------+---------+-------+---------
         Total |       0 |   94278 |   0.0 |       0 |     587 |   0.0 | 34047
               +---------+---------+-------+---------+---------+-------+---------
           D:1 |       0 |      96 |   0.0 |       0 |      28 |   0.0 |  1635
           D:2 |       0 |     234 |   0.0 |       0 |      29 |   0.0 |  1045
           D:3 |       0 |      75 |   0.0 |       0 |      18 |   0.0 |  1074
           D:4 |       0 |     364 |   0.0 |       0 |      21 |   0.0 |   739
           D:5 |       0 |     685 |   0.0 |       0 |      15 |   0.0 |   977
           D:6 |       0 |     593 |   0.0 |       0 |      20 |   0.0 |  1341
           D:7 |       0 |    2459 |   0.0 |       0 |      31 |   0.0 |  1688
           D:8 |       0 |    2758 |   0.0 |       0 |      45 |   0.0 |  1685
           D:9 |       0 |    2786 |   0.0 |       0 |      29 |   0.0 |  1584
          D:10 |       0 |    3981 |   0.0 |       0 |      44 |   0.0 |   765
          D:11 |       0 |     113 |   0.0 |       0 |       1 |   0.0 |    15
          D:12 |       0 |    5939 |   0.0 |       0 |      37 |   0.0 |  2631
          D:13 |       0 |   17592 |   0.0 |       0 |      47 |   0.0 |  1518
        Lair:1 |       0 |    3616 |   0.0 |       0 |      15 |   0.0 |  1159
        Lair:2 |       0 |    6343 |   0.0 |       0 |      28 |   0.0 |  3315
        Lair:3 |       0 |    9624 |   0.0 |       0 |      28 |   0.0 |  2971
        Lair:4 |       0 |    4004 |   0.0 |       0 |      14 |   0.0 |  1576
        Lair:5 |       0 |    4365 |   0.0 |       0 |      13 |   0.0 |  1888
        Lair:6 |       0 |   13767 |   0.0 |       0 |      35 |   0.0 |  3623
         Orc:1 |       0 |    7026 |   0.0 |       0 |      56 |   0.0 |  2415
         Orc:2 |       0 |    7858 |   0.0 |       0 |      33 |   0.0 |   294
               +---------+---------+-------+---------+---------+-------+---------
